 Dungeon Crawl Stone Soup version 0.28.0-53-g5a82cb258f (webtiles) character file.

Game seed: 2898775176849159164

113 pkoi the Insei (level 4, -1/36 HPs)
             Began as a Demigod Gladiator on June 6, 2022.
             Slain by a rat (2 damage)
             ... on level 2 of the Dungeon.
             The game lasted 00:03:22 (3560 turns).

pkoi the Insei (Demigod Gladiator)                  Turns: 3560, Time: 00:03:22

Health: -1/36      AC:  4    Str: 15    XL:     4   Next: 39%
Magic:  8/8        EV: 12    Int: 14    God:
Gold:   76         SH:  0    Dex: 15    Spells: 0/5 levels left

rFire   . . .      SeeInvis .     - Unarmed
rCold   . . .      Faith    .   (no shield)
rNeg    . . .      Spirit   .   a - +0 leather armour
rPois   .          Reflect  .   b - +0 helmet
rElec   .          Harm     .   (no cloak)
rCorr   .          Rampage  .   (no gloves)
Will    .....                   (no boots)
Stlth   +.........              (no amulet)
HPRegen 0.12/turn               (no ring)
MPRegen 0.11/turn               (no ring)

@: lethally poisoned (-1 -> -3), about to teleport
A: high MP 1, forlorn, divine attributes
a: no special abilities


You were on level 2 of the Dungeon.
You visited 1 branch of the dungeon, and saw 2 of its levels.

You collected 76 gold pieces.

Inventory:

Hand Weapons
 e - a +0 dagger
Missiles
 c - a throwing net (quivered)
Armour
 a - a +0 leather armour (worn)
 b - a +0 helmet (worn)
Scrolls
 d - 2 scrolls of teleportation
 f - a scroll of torment {unknown}
 i - a scroll of acquirement


   Skills:
 - Level 1.7 Fighting
 - Level 1.7 Throwing
 - Level 2.6 Dodging
 + Level 4.1 Unarmed Combat
 - Level 1.0 Spellcasting
 + Level 2.0 Air Magic


You couldn't memorise any spells.
You knew the following spells:

 Your Spells              Type           Power      Damage    Failure   Level
a - Shock                 Conj/Air       12%        1d3       22%         1
b - Airstrike             Air            3%         N/A       80%         4

Your spell library contained the following spells:

 Spells                   Type           Power      Damage    Failure   Level
 Swiftness                Air            6%         N/A       38%         3


Dungeon Overview and Level Annotations

Branches:
Dungeon (2/15)


Innate Abilities, Weirdness & Mutations

You have an increased reservoir of magic. (+10% MP)
You shall have no god before yourself.
Your divine heritage dramatically boosts your attributes as you level up.


Message History

You feel sick. The adder barely misses you. The rat closely misses you.
Unknown command.
You miss the adder.
The adder is severely wounded.
You feel sick. The adder bites you.
* * * LOW HITPOINT WARNING * * *
The rat misses you.
Unknown command.
You closely miss the adder.
The adder is severely wounded.
You feel sick.
You are no longer poisoned.
The adder bites you.
* * * LOW HITPOINT WARNING * * *
The rat bites you.
* * * LOW HITPOINT WARNING * * *
The adder barely misses you.
You hit the adder but do no damage.
The adder is severely wounded.
The adder bites you.
* * * LOW HITPOINT WARNING * * *
You are lethally poisoned!
The adder poisons you! The rat bites you.
* * * LOW HITPOINT WARNING * * *
You closely miss the adder.
The adder is severely wounded.
* * * LOW HITPOINT WARNING * * *
You feel sick. The adder barely misses you.
You hit the adder but do no damage.
The adder is severely wounded.
* * * LOW HITPOINT WARNING * * *
You feel sick. The rat barely misses you. The adder closely misses you.
Unknown command.
Unknown command.
You aren't carrying any potions.
As you read the scroll labelled EKYGIU ROMAACK, it crumbles to dust.
You feel strangely unstable.
It was a scroll of teleportation.
* * * LOW HITPOINT WARNING * * *
You feel sick. The adder bites you but does no damage. The rat bites you.
You die...

############
.......... ..
........# ...
#......##...
####...........
........(S...#
#....#..r@...#
#............#
#g...#.......# .
....#.......# .
....###.###.#
###......###.#
#............#
#.##....†..###
###.##.........#


You could see an adder and a rat.

Vanquished Creatures
  Robin (D:1)
  5 adders
  A worm (D:1)
  A dart slug (D:2)
  4 endoplasms
  A giant cockroach (D:1)
  7 goblins
  13 hobgoblins
  4 jackals (D:1)
  A quokka (D:1)
  3 bats
  3 kobolds
  2 rats
46 creatures vanquished.

Notes
Turn   | Place    | Note
-------+----------+-------------------------------------------
     0 | D:1      | pkoi the Demigod Gladiator began the quest for the Orb.
     0 | D:1      | Reached XP level 1. HP: 17/17 MP: 3/3
   122 | D:1      | Reached skill level 3 in Unarmed Combat
   313 | D:1      | Reached XP level 2. HP: 17/24 MP: 4/4
   692 | D:1      | Learned a level 1 spell: Shock
  1141 | D:2      | Identified a scroll of acquirement
  1278 | D:1      | HP: 1/24 [poisoned by an adder]
  1573 | D:1      | Reached XP level 3. HP: 22/29 MP: 6/6
  1963 | D:1      | Reached skill level 1 in Air Magic
  2376 | D:2      | Reached skill level 1 in Spellcasting
  2976 | D:2      | Reached XP level 4. HP: 35/36 MP: 8/8
  2981 | D:2      | Learned a level 4 spell: Airstrike
  2992 | D:2      | Noticed Robin
  3038 | D:1      | Killed Robin
  3039 | D:1      | Reached skill level 4 in Unarmed Combat
  3560 | D:2      | HP: 1/36 [poisoned by an adder]
  3560 | D:2      | Slain by a rat

Illustrated notes

Levels and vault maps discovered:
D:1:      sevenhm_arrival_forest_fort_small_4, layout_basic
D:2:      layout_basic, shapermc_ecumenical_altar_hornbeckon, uniq_robin

Skill      XL: |  1  2  3  4 |
---------------+-------------+-----
Unarmed Combat | 3 4 |  4.1
Air Magic      | 1 2 |  2.0
Spellcasting   | 1 |  1.0
Fighting       | |  1.7
Throwing       | |  1.7
Dodging        | |  2.6

Action                   |  1- 3 |  4- 6 || total
-------------------------+-------+-------++-------
Melee: Unarmed           |   152 |    93 ||   245
       Punch             |     1 |     3 ||     4
Throw: Throwing net      |     5 |       ||     5
  Use: Scroll            |     3 |     1 ||     4
       Potion            |     2 |       ||     2
 Stab: Sleeping          |     1 |       ||     1
Armor: Leather armour    |    46 |    26 ||    72
Dodge: Dodged            |    77 |    80 ||   157
